Map: Para Site LE

Players

Reynor

  • Race: Zerg Zerg
  • Spawn Location: 5:00

Serral - Winner!

  • Race: Zerg Zerg
  • Spawn Location: 11:00

Event: WCS Montreal 2018

VOD

Have the link to the VOD?

Description

Time

  • Played on: Sept. 9, 2018, 6:21 p.m.
  • Length: 10:02

All games in this series

Show
View Real Time Build Order
Export as new Build Order

Reynor Zerg 

Build Orders: Hatch First 

Get SALT Encoding   

  12  0:00  Drone  
  13  0:12  Overlord  
  13  0:17  Drone  
  14  0:30  Drone  
  14  0:31  Drone  
  14  0:35  Drone  
  17  0:54  Hatchery  
  17  0:55  Drone  
  17  0:59  Drone  
  18  1:09  Extractor  
  17  1:13  Spawning Pool  
  17  1:17  Drone  
  17  1:19  Drone  
  18  1:27  Drone  
  19  1:38  Overlord  
  19  1:53  Drone  
  20  2:01  Queen  
  20  2:02  Zergling x2  
  20  2:05  Queen  
  20  2:06  Drone  
  26  2:09  Metabolic Boost  
  26  2:11  Drone  
  27  2:16  Drone  
  27  2:21  Drone  
  29  2:31  Drone  
  29  2:36  Hatchery  
  29  2:37  Drone  
  29  2:43  Baneling Nest  
  29  2:46  Drone  
  29  2:48  Drone  
  29  2:50  Drone  
  32  2:54  Overlord  
  32  2:59  Zergling x2  
  32  3:04  Zergling x2  
  34  3:10  Zergling x4  
  36  3:13  Zergling x4  
  36  3:14  Zergling x2  
  36  3:15  Zergling x4  
  36  3:18  Drone  
  42  3:24  Overlord  
  42  3:27  Baneling x2  
  42  3:28  Drone  
  43  3:34  Drone  
  43  3:40  Baneling x2  
  44  3:41  Queen  
  44  3:43  Drone x3  
  44  3:44  Drone  
  48  3:58  Drone  
  48  3:59  Drone x5  
  48  4:00  Zergling x2  
  55  4:03  Evolution Chamber  
  55  4:05  Zergling x2  
  54  4:11  Zergling x4  
  54  4:13  Drone  
  54  4:16  Extractor, Lair  
  55  4:18  Drone x2  
  55  4:23  Baneling  
  57  4:27  Overlord x2  
  57  4:28  Extractor  
  56  4:36  Overlord  
  56  4:42  Drone, Roach Warren  
  56  4:45  Drone  
  57  4:46  Drone x3  
  57  4:47  Drone x2  
  57  4:51  Zerg Melee Weapons Level 1  
  57  4:52  Drone x2  
  64  4:53  Drone  
  64  4:55  Drone  
  64  4:56  Extractor  
  64  4:58  Drone  
  66  5:01  Drone x2  
  66  5:03  Drone  
  69  5:10  Baneling x2  
  69  5:13  Drone x4  
  73  5:14  Overlord  
  73  5:18  Drone  
  73  5:27  Spire, Drone x2  
  73  5:28  Drone x2  
  75  5:37  Drone x2  
  75  5:38  Drone  
  75  5:39  Extractor, Zergling x4  
  75  5:40  Zergling x10  
  75  5:41  Extractor  
  82  5:44  Overlord  
  82  5:45  Zergling x4  
  84  5:55  Zergling x2  
  85  6:01  Drone x3  
  88  6:08  Hatchery  
  88  6:09  Baneling  
  88  6:10  Baneling x3  
  87  6:14  Overlord  
  84  6:38  Mutalisk x9  
  100  6:40  Drone x3  
  100  6:41  Zergling x4  
  105  6:47  Overlord x3  
  105  6:49  Zerg Flyer Weapons Level 1  
  105  6:58  Overlord  
  105  7:05  Baneling x4  
  105  7:06  Baneling  
  105  7:07  Zergling x14  
  112  7:09  Mutalisk  
  112  7:10  Zergling x10  
  112  7:13  Zergling x2  
  120  7:16  Zergling x2  
  120  7:17  Mutalisk  
  120  7:20  Zergling x2  
  120  7:22  Mutalisk  
  122  7:24  Baneling x3  
  122  7:26  Zergling x2  
  122  7:29  Spine Crawler x3  
  122  7:30  Zergling x2, Spine Crawler  
  122  7:31  Mutalisk  
  122  7:34  Baneling x3  
  123  7:41  Mutalisk x2  
  126  7:47  Zergling x2  
  126  7:48  Zergling x10  
  126  7:50  Mutalisk  
  126  7:52  Mutalisk  
  126  7:53  Zergling x6  
  126  7:54  Queen  
  126  7:57  Mutalisk  
  133  8:01  Zergling x2, Spine Crawler x2  
  133  8:02  Spine Crawler  
  131  8:09  Mutalisk x2  
  134  8:12  Zergling x2  
  134  8:13  Zergling x6  
  134  8:16  Zergling x4  
  134  8:19  Zergling x2  
  128  8:22  Mutalisk  
  128  8:24  Mutalisk  
  113  8:27  Zergling x2  
  113  8:29  Zergling x2  
  113  8:32  Mutalisk, Zergling x4  
  113  8:33  Zergling x2  
  109  8:38  Zergling x4  
  102  8:42  Mutalisk  
  102  8:43  Zergling x2  
  102  8:47  Zergling x4  
  103  8:51  Mutalisk  
  103  8:53  Zergling x2  
  103  8:55  Queen  
  104  8:57  Zergling x2  
  104  8:58  Zergling x2  
  96  9:03  Zergling x4  
  96  9:07  Mutalisk  
  96  9:09  Mutalisk  
  82  9:13  Mutalisk  
  82  9:14  Zergling x6  
  84  9:18  Zergling x4  
  84  9:19  Zergling x2  
  82  9:26  Mutalisk x2  
Show
View Real Time Build Order
Export as new Build Order

Serral Zerg - Winner!

Build Orders: Hatch First 

Get SALT Encoding   

  12  0:00  Drone  
  13  0:12  Overlord  
  13  0:16  Drone  
  14  0:30  Drone x2  
  16  0:47  Hatchery  
  15  0:51  Drone  
  15  0:54  Drone  
  17  0:57  Drone  
  18  1:08  Extractor  
  17  1:12  Spawning Pool  
  17  1:15  Drone  
  17  1:19  Drone  
  18  1:27  Drone  
  19  1:38  Drone  
  20  1:50  Overlord  
  20  1:59  Queen x2  
  20  2:01  Drone x2  
  26  2:08  Metabolic Boost  
  26  2:10  Drone  
  26  2:11  Drone  
  28  2:21  Drone  
  28  2:22  Drone  
  30  2:32  Hatchery  
  30  2:34  Zergling x2  
  30  2:37  Zergling x2  
  31  2:44  Baneling Nest  
  31  2:47  Overlord  
  31  2:49  Drone  
  31  2:53  Drone  
  31  2:54  Drone  
  33  3:04  Drone x2  
  35  3:09  Zergling x6  
  35  3:12  Overlord  
  38  3:13  Drone  
  38  3:15  Drone  
  38  3:18  Drone  
  38  3:19  Drone  
  42  3:24  Queen  
  44  3:29  Evolution Chamber, Baneling  
  44  3:30  Drone  
  44  3:33  Baneling  
  44  3:35  Baneling  
  44  3:36  Zergling x2  
  44  3:39  Baneling  
  45  3:41  Zergling x6  
  45  3:46  Zergling x6  
  50  3:59  Queen  
  54  4:04  Zerg Missile Weapons Level 1  
  54  4:07  Drone  
  54  4:09  Drone  
  56  4:12  Drone x2  
  57  4:17  Overlord  
  57  4:19  Extractor x2  
  57  4:20  Drone x4  
  57  4:28  Overlord  
  57  4:31  Roach Warren  
  56  4:36  Drone x5  
  56  4:37  Drone  
  62  4:39  Drone  
  62  4:41  Lair  
  62  4:42  Drone  
  62  4:43  Drone  
  62  4:45  Drone  
  66  4:50  Drone x3  
  68  4:57  Drone  
  69  5:00  Baneling  
  69  5:03  Drone x2  
  71  5:09  Overlord  
  71  5:12  Drone x2  
  73  5:16  Overlord  
  73  5:17  Extractor x2  
  73  5:21  Overlord x2  
  71  5:27  Drone x4  
  71  5:28  Overlord  
  74  5:34  Drone  
  74  5:37  Zergling x4  
  74  5:40  Drone x2, Glial Reconstitution  
  74  5:41  Pneumatized Carapace  
  78  5:43  Drone x2  
  78  5:47  Queen x2  
  83  5:50  Overlord  
  83  5:54  Overlord  
  83  6:07  Baneling x3  
  83  6:08  Nydus Network  
  83  6:10  Roach x5  
  92  6:13  Overlord  
  92  6:21  Roach x5  
  92  6:22  Queen x2  
  92  6:24  Queen  
  108  6:28  Overlord  
  107  6:36  Roach x3  
  107  6:37  Roach  
  115  6:41  Roach x4  
  115  6:45  Nydus Canal  
  123  6:49  Baneling x3  
  123  6:51  Roach x3  
  129  6:56  Roach x3  
  129  6:58  Queen x2  
  138  7:03  Overlord x2  
  138  7:04  Overlord  
  138  7:13  Roach  
  137  7:18  Spore Crawler x2  
  137  7:20  Spore Crawler  
  137  7:21  Spore Crawler x2  
  137  7:22  Roach x5  
  142  7:24  Roach  
  144  7:30  Spore Crawler  
  144  7:31  Spore Crawler x2  
  144  7:33  Roach  
  144  7:35  Nydus Canal  
  142  7:47  Roach x2  
  145  7:51  Roach x2  
  145  7:52  Roach x2  
  145  7:56  Roach x2  
  145  7:57  Roach  
  157  8:04  Queen x2  
  161  8:09  Overlord x2  
  161  8:10  Overlord  
  161  8:16  Roach  
  161  8:17  Roach  
  161  8:19  Roach  
  133  8:29  Roach x3  
  123  8:38  Queen  
  115  8:41  Roach x2  
  115  8:45  Queen  
  120  8:50  Roach x2  
  120  8:52  Roach  
  124  8:59  Roach x2  
  118  9:03  Roach x2  
  118  9:09  Queen, Roach x2  
  124  9:17  Roach x2  
  124  9:21  Roach x2  
  124  9:23  Roach x2  
  128  9:27  Roach  
  128  9:28  Nydus Canal  
Tags
 
Add a new tag
Caveats
  • Supply blocks, unpowered buildings, or Contaminate may cause inaccurate times.
  • Supply counts are checked every 10 seconds.